[Event "Live Chess"]
[Site "Chess.com"]
[Date "2024.06.01"]
[Round "-"]
[White "Dhaydon19"]
[Black "NeilDruggan73"]
[Result "1-0"]
[WhiteElo "2679"]
[BlackElo "1752"]
[TimeControl "300"]
[EndTime "14:08:58 PDT"]
[Termination "Dhaydon19 won on time"]

1. d4 Nf6 2. c4 g6 3. Nf3 Bg7 4. g3 b6 5. Bg2 Bb7 6. O-O d6 7. Nc3 O-O 8. Qc2 Nbd7 9. Rd1 c5 10.
dxc5 bxc5 11. b3 Qa5 12. Bb2 Rab8 13. e4 Nxe4 14. Ne2 Bxb2 15. Qxb2 Ndf6 16. Qc2 Ng4 17. Rf1 f5 18. h3 Ne5 19. Nxe5 dxe5 20. f3 Nd2 21. Rf2 e4 22. fxe4 fxe4 23. Nf4 e3 24.
Re2 Bxg2 25. Nxg2 Nxb3 26. Rae1 Nd4 27. Qe4 Nxe2+ 28. Rxe2 Qc3 29. Qe6+ Rf7 30. Qxe3 Rb1+ 31. Kh2 Qxe3 32. Nxe3 Rf3 33. Kg2 Rf6 34. Nd5 Rd6 35.
Nxe7+ Kf7 36. Nd5 Ra6 37. Rf2+ 1-0

[Event "Live Chess"]
[Site "Chess.com"]
[Date "2024.06.01"]
[Round "-"]
[White "Silverback7829"]
[Black "dhairyapandyauk"]
[Result "0-1"]
[WhiteElo "955"]
[BlackElo "1705"]
[TimeControl "300"]
[EndTime "14:09:28 PDT"]
[Termination "dhairyapandyauk won by checkmate"]

1. d4 Nf6 2. Nf3 e6 3. Nc3 b6 4.
e4 Bb7 5. Bb5 Nxe4 6. Nxe4 Bxe4 7. Bd3 Bb7 8. Bf4 d6 9. O-O Nd7 10. Qe2 Be7 11. Bg5 Bxg5 12. Nxg5 Qxg5 13. Qe3 Qxg2# 0-1

[Event "Live Chess"]
[Site "Chess.com"]
[Date "2024.06.01"]
[Round "-"]
[White "Brooms1989"]
[Black "JohanKjeldahl"]
[Result "0-1"]
[WhiteElo "1125"]
[BlackElo "1869"]
[TimeControl "300"]
[EndTime "14:10:09 PDT"]
[Termination "JohanKjeldahl won by resignation"]

1. e4 c5 2. Be2 e6 3. f4 Nc6 4. Nf3 a6 5. d3 Qc7 6. O-O g6 7. Be3 b6 8. c3 Bg7 9. Qe1 Nge7 10. d4 cxd4 11. cxd4 d5 12. e5 Nf5 13. Bf2 h5 14. Nh4 Ncxd4 15. Nxf5 Nxf5 16. Nc3 Bb7 17. Rc1 Qd8 18. Na4 b5 19. Nb6 Rb8 20. Qc3 O-O 21. Kh1 d4 22. Qc5 d3 23. Bf3 Bxf3 24. gxf3 0-1

[Event "Live Chess"]
[Site "Chess.com"]
[Date "2024.06.01"]
[Round "-"]
[White "degringolade64"]
[Black "KeithArkell"]
[Result "1-0"]
[WhiteElo "2145"]
[BlackElo "2446"]
[TimeControl "300"]
[EndTime "14:10:14 PDT"]
[Termination "degringolade64 won by resignation"]

1. e4 c6 2. d4 d5 3. e5 c5 4. dxc5 Nc6 5. Nf3 Bg4 6. c3 e6 7. Be3 Bxf3 8. Qxf3 a6 9. Nd2 Nxe5 10. Qg3 Nd7 11. b4 Ngf6 12. Bd3 g6 13. h4 Bg7 14. h5 Ne4 15. Bxe4 dxe4 16. Nxe4 O-O 17. Rd1 Qe7 18.
Bh6 Bxh6 19. Rxd7 Qxd7 20. Nf6+ Kg7 21. Nxd7 Rfd8 22. Qe5+ Kg8 23. Nf6+ Kf8 24. hxg6 Bd2+ 25. Ke2 hxg6 26. Rh8+ Ke7 27. Rxd8 Rxd8 28. Ne4 Bh6 29.
Qf6+ Ke8 30. Nd6+ 1-0

[Event "Live Chess"]
[Site "Chess.com"]
[Date "2024.06.01"]
[Round "-"]
[White "GEMdzq"]
[Black "bobby_jamesFischer86"]
[Result "1-0"]
[WhiteElo "2315"]
[BlackElo "1633"]
[TimeControl "300"]
[EndTime "14:10:32 PDT"]
[Termination "GEMdzq won by checkmate"]

1. e4 c5 2. Nf3 d6 3. d4 cxd4 4. Nxd4 Nf6 5. Nc3 a6 6. Be2 e6 7.
O-O Nc6 8. Be3 Nxd4 9. Bxd4 Be7 10. Qd2 O-O 11. Rad1 Qc7 12. Qe3 d5 13. e5 Ne4 14.
Nxe4 dxe4 15. Qxe4 Rb8 16. Bd3 g6 17. Ba7 Ra8 18.
Be3 Bd7 19. h4 Bc6 20. Qf4 Qd8 21. h5 Qd5 22. Qg4 Qxe5 23. hxg6 hxg6 24. Bh6 Bd6 25. f4 Qc5+ 26. Kh2 Rfe8 27. Bxg6 Bf8 28. Be4+ Kh8 29. Qh4 Bxh6 30. Qxh6+ Kg8 31. Bh7+ Kh8 32. Bg6+ Kg8 33. Qh7+ Kf8 34. Qxf7# 1-0

[Event "Live Chess"]
[Site "Chess.com"]
[Date "2024.06.01"]
[Round "-"]
[White "cymbalshift"]
[Black "FlyingChessKestrel13"]
[Result "0-1"]
[WhiteElo "1491"]
[BlackElo "2070"]
[TimeControl "300"]
[EndTime "14:10:33 PDT"]
[Termination "FlyingChessKestrel13 won by resignation"]

1. d4 Nf6 2. Nc3 e6 3. e4 d5 4.
e5 Nfd7 5. f4 c5 6. Nf3 Nc6 7. Be3 cxd4 8. Nxd4 Bc5 9. Nce2 Qb6 10. c3 a5 11. Qd2 O-O 12. g4 a4 13. h4 Na5 14. f5 Nc4 15. Qc1 Nxb2 16. Qc2 Nc4 17.
Bf2 Ndxe5 18. Rb1 Na3 0-1

[Event "Live Chess"]
[Site "Chess.com"]
[Date "2024.06.01"]
[Round "-"]
[White "DylanMeyer1"]
[Black "RichardABates"]
[Result "0-1"]
[WhiteElo "1711"]
[BlackElo "2211"]
[TimeControl "300"]
[EndTime "14:10:35 PDT"]
[Termination "RichardABates won on time"]

1. c4 g6 2. Nc3 Bg7 3. g3 e5 4. Bg2 f5 5. e3 Nf6 6. Nge2 O-O 7. O-O d6 8. b3 c6 9. Bb2 Be6 10. d4 e4 11. Nf4 Bf7 12. f3 d5 13.
fxe4 dxe4 14. h3 Nbd7 15. Qc2 g5 16. Nfe2 Bg6 17. Rf2 c5 18. Raf1 Qe7 19. Kh2 h5 20. Rxf5 Bxf5 21. Rxf5 Rae8 22. Nd5 Nxd5 23. Rxd5 Rf2 24.
Qd1 Ref8 25. dxc5 Bxb2 26. Rxd7 Qf6 27. Qd5+ Rf7 28. Rxf7 Qxf7 29. Qxg5+ Bg7 0-1

[Event "Live Chess"]
[Site "Chess.com"]
[Date "2024.06.01"]
[Round "-"]
[White "wadsy27"]
[Black "WorcesterYork"]
[Result "1-0"]
[WhiteElo "2537"]
[BlackElo "2494"]
[TimeControl "300"]
[EndTime "14:10:39 PDT"]
[Termination "wadsy27 won by resignation"]

1. d4 d6 2. c4 Nf6 3. Nf3 Nbd7 4.
g3 e5 5. Nc3 c6 6. e4 Be7 7.
Bg2 O-O 8. O-O Re8 9. Qc2 exd4 10. Nxd4 a5 11. Rd1 Bf8 12. h3 Nc5 13. Be3 Qc7 14.
Rac1 g6 15. b3 Nfd7 16. Nde2 Bg7 17. Rd2 Ne5 18. Rcd1 Bxh3 19. Bxh3 Nf3+ 20. Kg2 Nxd2 21. Qxd2 Nxe4 22. Nxe4 Rxe4 23. Qxd6 Qxd6 24. Rxd6 a4 25. Rd7 axb3 26. axb3 b5 27. Kh2 bxc4 28. bxc4 Rxc4 29. Bg2 h5 30. Nd4 Rc8 31. Nf3 Bf6 32. Ng5 Rf8 33.
Rc7 h4 34. Rxc6 hxg3+ 35. Kxg3 Rxc6 36. Bxc6 Kg7 37. Bd5 Bxg5 38. Bxg5 f6 39. Be3 g5 40. Kg4 Rb8 41. Kf5 Rb5 42. Ke6 Ra5 43. Bd4 Ra6+ 44. Ke7 Kg6 45. Bf7+ Kf5 46. Be3 Ke4 47.
Be6 g4 48. Bxg4 f5 49. Bh3 f4 50. Bc5 Rh6 51. Be6 Kf3 52. Kd6 Kg2 53. Ke5 Rh5+ 54. Bf5 f3 55. Kf4 Rh8 56. Bg4 Rc8 57. Bxf3+ Kf1 58.
Be3 Rf8+ 59. Kg3 Rg8+ 60. Bg4 Rf8 61. f4 Ke1 62. Kf3 Kd1 63. f5 Kc2 64. Bh6 Rf7 65. Kf4 Kd3 66. Bh5 Ra7 67. f6 Kd4 68. f7 1-0

[Event "Live Chess"]
[Site "Chess.com"]
[Date "2024.06.01"]
[Round "-"]
[White "Ferrarifan27"]
[Black "LL220284LL"]
[Result "1-0"]
[WhiteElo "2071"]
[BlackElo "2539"]
[TimeControl "300"]
[EndTime "14:10:41 PDT"]
[Termination "Ferrarifan27 won by resignation"]

1. e4 c6 2. d4 g6 3. Nf3 Bg7 4. Nc3 d6 5. Bg5 Qa5 6. Qd2 Nd7 7.
h4 b5 8. h5 b4 9. Ne2 Ngf6 10.
h6 Bf8 11. Ng3 Ba6 12. Bxa6 Qxa6 13. Qxb4 Rb8 14. Qc3 Qb5 15. O-O-O Nb6 16. b3 Ng4 17. d5 f6 18. dxc6 Rc8 19. c7 Qd7 20. Be3 Rxc7 21.
Qd2 Nxe3 22. Qxe3 Qc6 23. Rd2 e5 24. Qd3 Be7 25. Rhd1 O-O 26. Kb1 Rfc8 27. c4 Nd7 28. Qd5+ Qxd5 29. Rxd5 Nc5 30. Ne1 Kf7 31. Nd3 Nxd3 32.
R1xd3 Ke6 33. Ne2 Rc6 34. f4 Bf8 35. g4 Bxh6 36. f5+ Ke7 37. Rh3 Bg7 38. Rxh7 Kf7 39.
Nc3 Rh8 40. Rxh8 Bxh8 41. Ra5 Rc7 42. Nd5 Rb7 43. Ra6 Rd7 44. Nb4 gxf5 45. gxf5 Kg7 46. Nc6 Kh6 47. Rxa7 Rxa7 48. Nxa7 Kg5 49. Kc2 Kf4 50.
Kd3 Bg7 51. Nb5 Bf8 52. a4 Be7 53. a5 1-0

[Event "Live Chess"]
[Site "Chess.com"]
[Date "2024.06.01"]
[Round "-"]
[White "nigelst"]
[Black "AndrewBak1"]
[Result "0-1"]
[WhiteElo "1665"]
[BlackElo "1854"]
[TimeControl "300"]
[EndTime "14:10:42 PDT"]
[Termination "AndrewBak1 won on time"]

1. e4 c5 2. Nf3 Nc6 3. Bb5 e6 4. O-O Nge7 5. c3 a6 6. Ba4 b5 7. Bc2 d5 8. exd5 Nxd5 9. d4 Be7 10. Qd3 Nf4 11. Qe4 Nd5 12. Ne5 Nxe5 13. Qxe5 Bf6 14. Qe4 Bb7 15. Qg4 cxd4 16. cxd4 Rc8 17. Be4 Bxd4 18. Nc3 O-O 19. Qh3 g6 20. Bh6 Bg7 21. Bxg7 Kxg7 22. Rad1 Qf6 23. Bxd5 Bxd5 24. Nxd5 exd5 25.
Rxd5 Qxb2 26. Qb3 Qxb3 27. axb3 Rc3 28. Rd6 Rxb3 29. Rxa6 Rc8 30. g3 Rb2 31. Ra7 Rb8 32.
Re1 b4 33. Ree7 Rf8 34. Reb7 Rb1+ 35. Kg2 b3 36. Ra3 b2 37. Rab3 h5 38. Rxb2 Rxb2 39.
Rxb2 h4 40. Kh3 hxg3 41. hxg3 Rc8 42. f4 Kf6 43. Kg4 Rc4 44. Rb6+ Kg7 45. Rb3 Kh6 46. Kf3 Kh5 47. Rb5+ Kh6 48. Rb3 f6 49. Rb6 Kg7 50. Rb7+ Kf8 51. Ra7 g5 52. fxg5 fxg5 53. Ra5 g4+ 54.
Kg2 Rc2+ 55. Kg1 Rc3 56. Kg2 Kf7 57. Ra6 Rc2+ 58. Kg1 Rc4 59. Kf2 Ke7 60. Ke3 Rc3+ 61. Kf4 Rc4+ 62. Kg5 Kf7 63. Kf5 Kg7 64. Kg5 Kf7 65.
Kf5 Ke7 66. Ra7+ Kd6 67. Kg5 Ke6 68. Ra6+ Kd5 69. Ra5+ Kc6 70. Ra6+ Kb5 71. Rf6 Rd4 72. Rf4 Rd5+ 73. Rf5 Kc5 0-1

[Event "Live Chess"]
[Site "Chess.com"]
[Date "2024.06.01"]
[Round "-"]
[White "Dhaydon19"]
[Black "road2gm5000"]
[Result "1-0"]
[WhiteElo "2679"]
[BlackElo "1082"]
[TimeControl "300"]
[EndTime "14:11:09 PDT"]
[Termination "Dhaydon19 won by resignation"]

1. d4 d5 2. Nf3 Nf6 3. g3 Bg4 4. Bg2 e6 5. c3 c5 6. Nbd2 Nc6 7. dxc5 Bxc5 8. O-O Qb6 9. Qa4 O-O 10. e4 dxe4 11. Nxe4 Nxe4 12. Qxe4 Bf5 13. Qa4 Qa5 14. Qxa5 Nxa5 15.
b4 Bxb4 16. cxb4 Nc6 17. a3 Rfd8 18. Be3 a6 19. Rfd1 Rxd1+ 20. Rxd1 Rd8 21. Rxd8+ Nxd8 22.
Nd4 Bg6 23. Nb3 Nc6 24. Bxc6 bxc6 25. Nc5 Kf8 26. Nxa6 Ke7 27. Nb8 Kd6 28. a4 Bc2 29.
a5 Bd3 30. Bb6 1-0

[Event "Live Chess"]
[Site "Chess.com"]
[Date "2024.06.01"]
[Round "-"]
[White "blunderabit"]
[Black "Pablo_dmp"]
[Result "0-1"]
[WhiteElo "1774"]
[BlackElo "2011"]
[TimeControl "300"]
[EndTime "14:11:11 PDT"]
[Termination "Pablo_dmp won on time"]

1. e4 d5 2. exd5 c6 3. d4 Nf6 4. Nf3 Bf5 5. Be2 Nxd5 6. a3 g6 7. c4 Nc7 8. Nc3 Bg7 9. O-O O-O 10. h3 Nd7 11. Be3 Nf6 12. Ne5 Be6 13. Qd2 Nd7 14. f4 Re8 15. Rad1 a5 16. g4 Nb6 17.
b3 Na6 18. d5 cxd5 19. cxd5 Bc8 20. Bb5 Rf8 21. Kh2 Nd7 22. Bd4 Nf6 23. Bc4 Nc7 24.
Qg2 Rb8 25. Bb6 Qd6 26. Qf2 Na8 27. Bc5 Qd8 28. d6 exd6 29. Bxd6 Bd7 30. Bxb8 Qxb8 31. Nxd7 Nxd7 32. Rxd7 Bxc3 33. Rfd1 Nc7 34. Bxf7+ Rxf7 35. Rd8+ Rf8 36. Rxb8 Rxb8 0-1

[Event "Live Chess"]
[Site "Chess.com"]
[Date "2024.06.01"]
[Round "-"]
[White "ProfPoisson"]
[Black "JanMur7"]
[Result "0-1"]
[WhiteElo "1284"]
[BlackElo "2308"]
[TimeControl "300"]
[EndTime "14:11:41 PDT"]
[Termination "JanMur7 won by resignation"]

1. e4 e5 2. Nf3 Nc6 3. d4 exd4 4. Bc4 Nf6 5. e5 d5 6. Bb5 Ne4 7. Nxd4 Bd7 8. Bxc6 bxc6 9. O-O Bc5 10. f3 Ng5 11. f4 Ne4 12. Be3 Bb6 13. Nd2 c5 14. N4f3 Nxd2 15. Qxd2 d4 16. Bf2 Bb5 17. Rfe1 Qd5 18.
a4 Bc6 19. Qe2 a5 20. e6 fxe6 21. Qxe6+ Qxe6 22. Rxe6+ Kd7 23. Rae1 Rae8 24. Ne5+ Kxe6 25. Nxc6+ Kd6 26. Rxe8 Rxe8 27. Ne5 Kd5 28. Kf1 c6 29. Ke2 Bc7 30. c4+ dxc3 31. bxc3 Bxe5 32. fxe5 Rxe5+ 33. Kd3 Rf5 34. c4+ Ke6 35. Bxc5 Rxc5 36. Kd4 Rf5 37. g3 c5+ 38. Kd3 Rf1 39. h4 Ra1 40. g4 Rxa4 0-1

[Event "Live Chess"]
[Site "Chess.com"]
[Date "2024.06.01"]
[Round "-"]
[White "bonantagulo"]
[Black "McFim"]
[Result "1-0"]
[WhiteElo "2085"]
[BlackElo "1596"]
[TimeControl "300"]
[EndTime "14:11:54 PDT"]
[Termination "bonantagulo won by resignation"]

1. d4 d5 2. c4 e6 3. Nf3 Nf6 4.
Nc3 Be7 5. Bf4 a6 6. c5 b6 7. b4 O-O 8. e3 a5 9. a3 axb4 10.
axb4 Rxa1 11. Qxa1 bxc5 12. bxc5 Nh5 13. Bd3 Nxf4 14.
exf4 g6 15. O-O Nd7 16. Ne5 Nxe5 17. fxe5 f6 18. f4 fxe5 19. fxe5 Rxf1+ 20. Qxf1 Qf8 21. Nb5 c6 22. Nd6 Qxf1+ 23. Kxf1 Bxd6 24. cxd6 Kf7 25. Ke2 Ke8 26. Ke3 Bd7 27. Ba6 Kd8 28. h4 h6 29.
Kf4 Be8 30. g4 Kd7 31. g5 h5 32. Ke3 Kd8 33. Kd3 Kd7 34. Kc3 Kd8 35. Kb4 Bd7 36. Kc5 Ke8 37. Bd3 Kf7 38. Kb6 Be8 39.
Kc7 1-0

[Event "Live Chess"]
[Site "Chess.com"]
[Date "2024.06.01"]
[Round "-"]
[White "StoreySniper"]
[Black "CarmelJane"]
[Result "1-0"]
[WhiteElo "2536"]
[BlackElo "2093"]
[TimeControl "300"]
[EndTime "14:12:07 PDT"]
[Termination "StoreySniper won by resignation"]

1. e4 c5 2. Nf3 e6 3. d3 Nc6 4. Nbd2 h5 5. g3 Be7 6. Bg2 h4 7. Qe2 hxg3 8. fxg3 Nf6 9. O-O d5 10. e5 Ng4 11. h3 Nh6 12. g4 b6 13. c4 Ba6 14.
cxd5 exd5 15. a3 Qc7 16. b4 cxb4 17. axb4 Nxb4 18. Rxa6 Nxa6 19. Nb3 Nc5 20. Nbd4 O-O-O 21. Nb5 Qd7 22. d4 a6 23. dxc5 Bxc5+ 24. Nbd4 Nxg4 25. Qxa6+ Kb8 26. Bf4 Qb7 27. Qxb7+ Kxb7 28. hxg4 f6 29. e6 Rhe8 30. Kh2 Rh8+ 31. Kg3 g5 32. Be3 Bd6+ 33. Kf2 Be5 34. Nxe5 fxe5 35. Nf5 e4 36. e7 1-0

[Event "Live Chess"]
[Site "Chess.com"]
[Date "2024.06.01"]
[Round "-"]
[White "kylet1990"]
[Black "ogpin"]
[Result "0-1"]
[WhiteElo "734"]
[BlackElo "2209"]
[TimeControl "300"]
[EndTime "14:12:24 PDT"]
[Termination "ogpin won by checkmate"]

1. e4 a5 2. d4 Ra6 3. Bxa6 Nxa6 4. Nc3 b6 5. Nf3 Bb7 6. Bf4 g6 7. O-O Bg7 8. h3 e6 9. Ne5 d6 10. Ng4 Qa8 11. Nb5 Bxe4 12. Qe2 Bxg2 13. Kh2 Bxf1 14. Qxf1 Nf6 15. Nxf6+ Bxf6 16. Qc4 O-O 17. Nxc7 Nxc7 18. Qxc7 Qf3 19. Bxd6 Qxf2+ 20. Kh1 Qf3+ 21. Kh2 Rd8 22. Be5 Qe2+ 23. Kh1 Qe4+ 24. Kh2 Bxe5+ 25. dxe5 Rd2+ 26.
Kg1 Qg2# 0-1

[Event "Live Chess"]
[Site "Chess.com"]
[Date "2024.06.01"]
[Round "-"]
[White "vincents82"]
[Black "Delacorta"]
[Result "0-1"]
[WhiteElo "2070"]
[BlackElo "1588"]
[TimeControl "300"]
[EndTime "14:12:31 PDT"]
[Termination "Delacorta won by checkmate"]

1. e4 e6 2. d4 d5 3. Nd2 dxe4 4. Nxe4 Bd7 5. Nf3 Bc6 6. Bd3 Nd7 7. O-O Ngf6 8. Bg5 Be7 9. Nxf6+ Nxf6 10. c3 O-O 11. Ne5 Be8 12. Qf3 Nd5 13. Bxe7 Qxe7 14. Qh3 g6 15. g3 a6 16. Be4 Nf6 17. Bc2 c5 18. dxc5 Qxc5 19. Nd3 Qg5 20. Qg2 Bb5 21.
f4 Qd5 22. Qxd5 Nxd5 23. Rfd1 Ne3 24. Rac1 Nxd1 25. Rxd1 Rad8 26. Kf2 Rd7 27. Ke3 Rfd8 28. a4 Bxd3 29. Bxd3 Kf8 30. a5 Ke7 31. b4 Kf6 32. h4 Ke7 33. Rd2 Rd6 34. Rd1 Kd7 35. Rd2 Kc7 36. Ke2 f6 37. Ke3 e5 38. Ke4 exf4 39.
gxf4 Re8+ 40. Kf3 Re1 41. Kf2 Rh1 42. Kg3 Re1 43. Kf2 Re7 44. c4 Kc6 45. b5+ axb5 46. cxb5+ Kc5 47. a6 bxa6 48. bxa6 Ra7 49. Rc2+ Kb6 50.
Rb2+ Kc7 51. Be2 Rb6 52. Rc2+ Rc6 53. Rb2 Raxa6 54. Bxa6 Rxa6 55. Re2 Kd7 56. Rb2 Rd6 57. Rb7+ Ke6 58. Rb6 Rxb6 59. Ke3 Kf5 60. Kf3 g5 61. hxg5 fxg5 62. fxg5 Kxg5 63. Kg3 Rb4 64. Kh3 Rb3+ 65. Kg2 Kg4 66. Kf2 h5 67. Kg2 h4 68. Kh2 Rb2+ 69.
Kg1 Kg3 70. Kf1 Rg2 71. Ke1 h3 72. Kf1 h2 73. Ke1 h1=Q# 0-1

[Event "Live Chess"]
[Site "Chess.com"]
[Date "2024.06.01"]
[Round "-"]
[White "koekoekoe"]
[Black "upoe610"]
[Result "0-1"]
[WhiteElo "2018"]
[BlackElo "2248"]
[TimeControl "300"]
[EndTime "14:12:33 PDT"]
[Termination "upoe610 won by checkmate"]

1. d4 Nf6 2. Bf4 c5 3. e3 Qb6 4. b3 g6 5. c3 d6 6. Nd2 Bg7 7. Ngf3 Nd5 8. Qc2 Nxf4 9. exf4 cxd4 10. cxd4 Nc6 11. Rd1 Bf5 12. Bd3 Nb4 13. Bxf5 Nxc2+ 14. Bxc2 O-O 15. Nc4 Qc7 16. d5 b5 17. Ne3 Bc3+ 18.
Ke2 b4 19. Bd3 a5 20. Bb5 Rfb8 21. Ba4 Qb6 22. Nc4 Qc5 23. Ng5 Qc8 24. Ne4 Qg4+ 25. f3 Qxg2+ 26. Ke3 Qxa2 27. Nxc3 bxc3 28. Rc1 Rxb3 29.
Bxb3 Qxb3 30. Kd4 Rc8 31. Rxc3 Qb4 32. Rhc1 Rxc4+ 33. Rxc4 Qd2+ 34. Ke4 f5# 0-1

[Event "Live Chess"]
[Site "Chess.com"]
[Date "2024.06.01"]
[Round "-"]
[White "educatedlad"]
[Black "Zhevzh1k7"]
[Result "1-0"]
[WhiteElo "1713"]
[BlackElo "1105"]
[TimeControl "300"]
[EndTime "14:12:44 PDT"]
[Termination "educatedlad won by resignation"]

1. d4 Nf6 2. Nf3 d5 3. c4 e6 4. e3 c6 5. Nc3 Nbd7 6. Be2 Bb4 7. Qc2 O-O 8. a3 Bxc3+ 9. bxc3 dxc4 10. Bxc4 Nb6 11.
Bd3 Bd7 12. e4 h6 13. e5 Nfd5 14. O-O f6 15. exf6 Rxf6 16. Ne5 Qe7 17. Ng6 Qf7 18.
Ne5 Qe7 19. Nxd7 Nxd7 20. c4 N5b6 21. a4 c5 22. Ba3 Rc8 23. dxc5 Nxc5 24. Bh7+ Kh8 25.
a5 Nbd7 26. Rad1 g5 27. Rfe1 Qxh7 28. Qc3 Rf8 29. Rxd7 Nxd7 30. Bxf8 Nxf8 31. Qxf6+ Qg7 32. Qxg7+ Kxg7 33. Rd1 Kf6 34. Rd8 Ng6 35. Rd7 Ne5 36. Rxb7 Nxc4 37. Rxa7 Ke5 38. a6 Nb6 39. Rb7 Na8 40. a7 Kd6 41. Rb8 Nc7 42. a8=Q Nxa8 43. Rxa8 1-0

[Event "Live Chess"]
[Site "Chess.com"]
[Date "2024.06.01"]
[Round "-"]
[White "MagnersCarlsberg2870"]
[Black "Silverback7829"]
[Result "1-0"]
[WhiteElo "1772"]
[BlackElo "954"]
[TimeControl "300"]
[EndTime "14:12:45 PDT"]
[Termination "MagnersCarlsberg2870 won by checkmate"]

1. d4 d5 2. e3 e6 3. Bd3 Nc6 4. Nd2 Bb4 5. c3 Ba5 6. Ngf3 Nf6 7. Qe2 Bd7 8. O-O Qe7 9. e4 dxe4 10. Nxe4 Ng4 11. h3 Nf6 12. Nxf6+ Qxf6 13. Bg5 Qxf3 14. Qxf3 O-O 15. Qh5 g6 16. Qh6 Rfe8 17. Bf6 e5 18. Qg7# 1-0

[Event "Live Chess"]
[Site "Chess.com"]
[Date "2024.06.01"]
[Round "-"]
[White "GwaryTek"]
[Black "PughmanChess"]
[Result "1-0"]
[WhiteElo "1920"]
[BlackElo "1378"]
[TimeControl "300"]
[EndTime "14:12:50 PDT"]
[Termination "GwaryTek won by checkmate"]

1. e4 c6 2. d4 d5 3. Nc3 dxe4 4. f3 exf3 5. Nxf3 Nf6 6. Bc4 Bg4 7. Ne5 Qc8 8. Bxf7+ Kd8 9. Nxg4 Qxg4 10. Qxg4 Nxg4 11. O-O Nd7 12. Bf4 Ngf6 13. Rad1 g6 14. d5 c5 15. Nb5 a6 16. Nc7 Ra7 17. Ne6+ Kc8 18. c4 Nh5 19. Be3 b6 20. g4 Nhf6 21. g5 Ng4 22. Bf4 Nde5 23. Bxe5 Nxe5 24. b3 Ng4 25. Rde1 h6 26. Bxg6 hxg5 27. Bf5 Nf6 28. Nxf8+ Kc7 29. Rxe7+ Kb8 30. Rxa7 Kxa7 31. Ng6 Re8 32. Be6 Ne4 33. Rf7+ Kb8 34. Ne5 Nc3 35. Nc6+ Ka8 36. Ra7# 1-0

[Event "Live Chess"]
[Site "Chess.com"]
[Date "2024.06.01"]
[Round "-"]
[White "Mangoalo"]
[Black "Queensandpawns"]
[Result "0-1"]
[WhiteElo "1062"]
[BlackElo "2374"]
[TimeControl "300"]
[EndTime "14:12:51 PDT"]
[Termination "Queensandpawns won by checkmate"]

1. e4 d5 2. exd5 c6 3. Nc3 Nf6 4. dxc6 Nxc6 5. Bb5 e5 6. Bxc6+ bxc6 7. Nf3 Bc5 8. O-O O-O 9. Re1 e4 10. Nxe4 Nxe4 11.
Rxe4 Bf5 12. Re1 Re8 13. d4 Bd6 14. Bg5 Rxe1+ 15. Qxe1 Qc7 16. Qe2 Bg4 17. Re1 Bxh2+ 18. Kf1 Bd6 19. Qe4 Be6 20. Ne5 h6 21. Bxh6 gxh6 22.
Re3 f5 23. Rg3+ Kh7 24. Qh4 Bxe5 25. dxe5 Qxe5 26. Qe7+ Kh8 27. Kg1 Rg8 28. Rxg8+ Kxg8 29. Qh4 Qg7 30. g3 Bd5 31. Qd8+ Kh7 32. b3 Qa1+ 33.
Kh2 Qh1# 0-1

[Event "Live Chess"]
[Site "Chess.com"]
[Date "2024.06.01"]
[Round "-"]
[White "Isambard_Thomas"]
[Black "peteopeteo"]
[Result "1-0"]
[WhiteElo "2165"]
[BlackElo "1581"]
[TimeControl "300"]
[EndTime "14:12:58 PDT"]
[Termination "Isambard_Thomas won on time"]

1. d4 d5 2. Nf3 Nf6 3. Bg5 Bf5 4. e3 e6 5. Nh4 Bg6 6. Nxg6 hxg6 7. Bd3 Be7 8. Nd2 Nbd7 9. Qe2 a6 10. c3 c5 11.
O-O-O c4 12. Bc2 b5 13. h4 b4 14. Nb1 bxc3 15. Nxc3 Rb8 16. Ba4 O-O 17. h5 Ne4 18. Nxe4 dxe4 19. Bxe7 Qxe7 20. hxg6 fxg6 21. Bxd7 Qxd7 22.
Qc2 Qd6 23. Rd2 c3 24. bxc3 Qa3+ 25. Kd1 Rfc8 26. Qxe4 Qd6 27. Qxg6 Rxc3 28. d5 Qd7 29. Qh7+ Kf7 30. Qh5+ Kg8 31. Qh8+ Kf7 32. Qxb8 Qa4+ 33. Ke2 Qc4+ 34. Kf3 exd5 35. Qb7+ Kg8 36. Qxd5+ Qxd5+ 37. Rxd5 Rc2 38. Rd8+ Kf7 39. a4 Rc4 40. Rd4 Rc5 41.
Rf4+ Kg8 42. Rd1 1-0

[Event "Live Chess"]
[Site "Chess.com"]
[Date "2024.06.01"]
[Round "-"]
[White "BostonStrangler"]
[Black "kingside_rook"]
[Result "1-0"]
[WhiteElo "2146"]
[BlackElo "1980"]
[TimeControl "300"]
[EndTime "14:13:01 PDT"]
[Termination "BostonStrangler won by checkmate"]

1. e4 e5 2. f4 exf4 3. Nf3 Be7 4. Bc4 Bh4+ 5. g3 fxg3 6. O-O gxh2+ 7. Kh1 Nh6 8. d4 d5 9. Bxd5 c6 10. Bb3 Bg4 11.
Bxh6 gxh6 12. Bxf7+ Ke7 13. Bb3 Rf8 14. Qd3 Rxf3 15.
Rxf3 Bxf3+ 16. Qxf3 Qf8 17. Qh3 Bg5 18. Nc3 Nd7 19.
Rf1 Qg7 20. Qe6+ Kd8 21. Rf7 Qxd4 22. Kxh2 Nf6 23. Rf8+ Kc7 24. Nd5+ cxd5 25. Rf7+ Kd8 26. Qd6+ Ke8 27. Qe7# 1-0

[Event "Live Chess"]
[Site "Chess.com"]
[Date "2024.06.01"]
[Round "-"]
[White "IanCalvert2"]
[Black "ShanthamGrarks"]
[Result "1/2-1/2"]
[WhiteElo "1609"]
[BlackElo "1793"]
[TimeControl "300"]
[EndTime "14:13:02 PDT"]
[Termination "Game drawn - insufficient material"]

1. b3 e5 2. Bb2 d6 3. e3 Nf6 4. d4 exd4 5. Qxd4 Nc6 6. Bb5 Bd7 7. Bxc6 Bxc6 8. Nf3 Bxf3 9. gxf3 Be7 10. Nc3 c6 11.
Rg1 Rg8 12. O-O-O Qc7 13. Ne4 Nxe4 14. Qxe4 O-O-O 15. Rxg7 Rxg7 16. Bxg7 d5 17. Qxh7 Ba3+ 18. Bb2 Bxb2+ 19. Kxb2 Qe5+ 20. Kb1 Rd7 21. f4 Qc3 22. Qd3 Qh8 23. Rh1 Qh3 24. Qf1 Qf3 25. h4 d4 26. exd4 Rxd4 27. h5 Rd8 28. Qh3+ Qxh3 29.
Rxh3 Rh8 30. h6 Kd7 31. Kb2 Ke6 32. Kc3 Kf5 33. Kd4 Kxf4 34. Kc5 Ke5 35. Rh5+ f5 36. h7 Kf6 37. f4 Kg6 38. Rg5+ Kf6 39. Rh5 Kg6 40. Rg5+ Kh6 41. Rxf5 Rxh7 42. Kd6 Kg6 43. Rf8 Rh2 44. Rb8 Rd2+ 45. Kc7 Rxc2 46. Rxb7 Rxa2 47.
Kxc6 a5 48. Kb5 Ra3 49. Kc4 a4 50. bxa4 Rxa4+ 51. Rb4 Rxb4+ 52. Kxb4 Kf5 53. Kc5 Kxf4 1/2-1/2

[Event "Live Chess"]
[Site "Chess.com"]
[Date "2024.06.01"]
[Round "-"]
[White "AndrewBak1"]
[Black "wadsy27"]
[Result "0-1"]
[WhiteElo "1853"]
[BlackElo "2537"]
[TimeControl "300"]
[EndTime "14:13:03 PDT"]
[Termination "wadsy27 won by resignation"]

1. e4 c5 2. Nf3 e6 3. d4 cxd4 4.
Nxd4 Nc6 5. c4 Nf6 6. Nc3 Bb4 7. Nxc6 bxc6 8. Bd3 e5 9. O-O O-O 10. Ne2 Bc5 11.
Ng3 d6 12. Be3 Bxe3 13. fxe3 Qb6 14. Qe2 Be6 15. b3 Nd7 16. Nf5 Bxf5 17. exf5 f6 18. Kh1 Nc5 19. Rf3 e4 20. Rh3 Nxd3 21. Qh5 Nf2+ 0-1

[Event "Live Chess"]
[Site "Chess.com"]
[Date "2024.06.01"]
[Round "-"]
[White "crais6"]
[Black "Frankie_Badacsonyi"]
[Result "0-1"]
[WhiteElo "1619"]
[BlackElo "2440"]
[TimeControl "300"]
[EndTime "14:13:26 PDT"]
[Termination "Frankie_Badacsonyi won by resignation"]

1. d4 d5 2. Nf3 Nf6 3. e3 Bf5 4.
Bd3 Bxd3 5. cxd3 e6 6. Nc3 c5 7.
dxc5 Bxc5 8. d4 Bb4 9. Bd2 O-O 10. O-O Nc6 11. Ne2 Bd6 12. a3 a6 13. Rc1 Rc8 14. Qb3 Qe7 15. Rfe1 Ne4 16. Ng3 f5 17. Bc3 Kh8 18.
Red1 g5 19. Ne5 Bxe5 20. dxe5 Nxg3 21. hxg3 h5 22. Bd4 Rg8 23. Bc5 Qf7 24. Bd6 h4 25. g4 fxg4 26. e4 d4 27. Qd3 Rg7 28. Rc4 Rh7 29.
b4 g3 30. fxg3 hxg3 31. Qxg3 Qh5 32. Rf1 Qh1+ 33. Kf2 Rf7+ 34. Ke2 Qxf1+ 35. Kd2 Rf2+ 0-1

[Event "Live Chess"]
[Site "Chess.com"]
[Date "2024.06.01"]
[Round "-"]
[White "Queensandpawns"]
[Black "Isambard_Thomas"]
[Result "1-0"]
[WhiteElo "2378"]
[BlackElo "2161"]
[TimeControl "300"]
[EndTime "14:14:02 PDT"]
[Termination "Queensandpawns won by resignation"]

1. e4 Nc6 2. Nc3 e5 3. Bc4 Nf6 4. f4 Na5 5. Bxf7+ Kxf7 6. fxe5 Ne8 7. e6+ dxe6 8. Qh5+ Kg8 9. Qxa5 Qh4+ 10. g3 Qf6 11. Qb5 Bd6 12. Qxe8+ 1-0